 Dungeon Crawl Stone Soup version 0.28-a0-987-g8383568036 (webtiles) character file.

Game seed: 4705565562369232784

4 BinkBink the Skirmisher (level 1, 20/20 HPs)
             Began as a Minotaur Monk on Dec 4, 2021.
             Was a Believer of Kikubaaqudgha.
             Quit the game on level 1 of the Dungeon.
             The game lasted 00:00:30 (252 turns).

BinkBink the Skirmisher (Minotaur Monk)              Turns: 252, Time: 00:00:31

Health: 20/20      AC:  2    Str: 15    XL:     1   Next: 58%
Magic:  0/0        EV: 13    Int:  7    God:    Kikubaaqudgha [**....]
Gold:   4          SH:  0    Dex: 12    Spells: 0/0 levels left

rFire   . . .      SeeInvis .   a - +0 falchion
rCold   . . .      Faith    .   (no shield)
rNeg    . . .      Spirit   .   b - +0 robe
rPois   .          Reflect  .   (helmet restricted)
rElec   .          Harm     .   (no cloak)
rCorr   .          Rampage  .   (no gloves)
Will    .....                   (no boots)
Stlth   ++........              (no amulet)
HPRegen 0.06/turn               (no ring)
MPRegen 0.07/turn               (no ring)

@: no status effects
A: horns 2, retaliatory headbutt
a: Renounce Religion, Receive Corpses


You were on level 1 of the Dungeon.
You worshipped Kikubaaqudgha.
Kikubaaqudgha was pleased with you.
You visited 1 branch of the dungeon, and saw 1 of its levels.

You collected 4 gold pieces.

Inventory:

Hand Weapons
 a - a +0 falchion (weapon)
Armour
 b - a +0 robe (worn)
Scrolls
 c - a scroll of enchant weapon {unknown}


   Skills:
 + Level 3.7 Fighting
 + Level 3.7 Long Blades
 + Level 3.4 Dodging
 - Level 1.5 Stealth


You couldn't memorise any spells.
You didn't know any spells.
Your spell library contained the following spells:

 Spells                   Type           Power      Damage    Failure   Level
 Pain                     Necr           0%         1d4       43%         1
 Corpse Rot               Necr/Air       0%         N/A       56%         2
 Sublimation of Blood     Necr           0%         N/A       56%         2
 Vampiric Draining        Necr           0%         2d6       80%         3


Dungeon Overview and Level Annotations

Branches:
Dungeon (1/15)

Altars:
Kikubaaqudgha


Innate Abilities, Weirdness & Mutations

You have a pair of horns on your head.
You reflexively headbutt those who attack you in melee.


Message History

You see here a +0 dagger.
An endoplasm comes into view.
The endoplasm quivers.
You hit the endoplasm but do no damage. The endoplasm closely misses you.
You hit the endoplasm. You headbutt the endoplasm.
You kill the endoplasm!
No target in view!
No target in view!
Found a faded altar of an unknown god.
A jackal comes into view.
A jackal is nearby!
A jackal is nearby!
A jackal comes into view.
The jackal barks! x2
The jackal barely misses you.
You closely miss the jackal. Your headbutt misses the jackal.
The jackal closely misses you. You furiously retaliate!
You headbutt the jackal. You hit the jackal.
You kill the jackal!
The jackal barely misses you.
You closely miss the jackal. The jackal bites you.
You slash the jackal!
You kill the jackal!
No target in view!
A rat comes into view.
You hit the fungus.
The fungus begins to die.
The fungus is lightly damaged.
Found a scroll labelled DILALUIPEU.
There is a faded altar of an unknown god here.
You cannot tell which god this altar belongs to.
Convert to them anyway?
Kikubaaqudgha accepts your prayer! Kikubaaqudgha welcomes you!
You can now receive cadavers from Kikubaaqudgha.
Kikubaaqudgha grants you a gift!
You add the spells Pain, Sublimation of Blood, Corpse Rot and Vampiric Draining to your library.
Kikubaaqudgha is now protecting you from necromantic miscasts and death curses.
Unknown command.
Press < or > to pray at altars.
Are you sure you want to abandon this character and quit the game? (Confirm with "yes".)

#..†...######.# #
######........######
#
##.................#
#
.....#####.########.#
# .#..........## #
.....PP..P...# #
.....P♣P.P♣..# #
.....PP♣P.PP.# #
#....P♣@P♣...#
.....♣P..r...#
##..P..P♣♣...# ####
#....... P..# #...
....?.... ..# # #.##
###...#### #.#
#.##.## #### .#
#...... ####.##
########.##


You could see a rat.

Vanquished Creatures
  An endoplasm (D:1)
  2 jackals (D:1)
  A ball python (D:1)
4 creatures vanquished.

Notes
Turn   | Place    | Note
-------+----------+-------------------------------------------
     0 | D:1      | BinkBink the Minotaur Monk began the quest for the Orb.
     0 | D:1      | Reached XP level 1. HP: 19/19 MP: 0/0
   228 | D:1      | Found a faded altar of an unknown god.
   251 | D:1      | Prayed at the altar of an unknown god.
   251 | D:1      | Became a worshipper of Kikubaaqudgha
   251 | D:1      | Reached * piety under Kikubaaqudgha
   251 | D:1      | Received a gift from Kikubaaqudgha
   251 | D:1      | Reached ** piety under Kikubaaqudgha
   252 | D:1      | Quit the game

Illustrated notes

Levels and vault maps discovered:
D:1:      ncdulo_halloftheorcs, layout_loops_ring,
          dreamdust_ecumenical_altar_grove

Action                   || total
-------------------------++-------
Melee: Falchion          ||     8
       Headbutt          ||     2
Dodge: Dodged            ||     5

Table legend: (Time is in decaauts)
 A = Elapsed time spent in this place.
 B = Non-inter-level travel time spent in this place.
 C = Inter-level travel time spent in this place.
 D = Time resting spent in this place.
 E = Time spent auto-exploring this place.
 F = Levels seen in this place.
 G = Mean time per level.
                   A        B        C        D        E       F      G
               +--------+--------+--------+--------+--------+-----+--------+
         Total |    252 |    252 |      0 |      0 |    211 |   1 |  252.0 |
       Dungeon |    252 |    252 |      0 |      0 |    211 |   1 |  252.0 |
               +--------+--------+--------+--------+--------+-----+--------+

Top non-repeatable levels by time:
     D:1: 252 daAuts
